 Dungeon Crawl Stone Soup version 0.19-a0-1111-gcceb26a (webtiles) character file.

60 Geppetto the Cudgeler (level 4, -2/28 HPs)
             Began as a Gargoyle Monk on Aug 10, 2016.
             Slain by Terence
             ... wielding a +4 mace of draining
              (10 damage)
             ... on level 3 of the Dungeon.
             The game lasted 00:03:38 (1932 turns).

Geppetto the Cudgeler (Gargoyle Monk)               Turns: 1932, Time: 00:03:39

Health: -2/28      AC:  5    Str: 14    XL:     4   Next: 6%
Magic:  4/4        EV: 13    Int: 11    God:
Gold:   129        SH:  0    Dex: 13    Spells: 0 memorised, 3 levels left

rFire  x . .     SeeInvis .     a - +0 mace
rCold  + . .     Gourm    .     b - +0 robe
rNeg   + . .     Faith    .     (no shield)
rPois  ∞         Spirit   .     (no helmet)
rElec  +         Dismiss  .     (no cloak)
rCorr  .         Reflect  .     (no gloves)
SustAt +         Harm     .     (no boots)
MR     .....                    (no amulet)
Stlth  ++........               o - ring of sustain attributes
                                i - ring of ice

@:
A: negative energy resistance 1, electricity resistance, unbreathing,
petrification resistance, rot immunity, AC +3
a: no special abilities


You were on level 3 of the Dungeon.
You were not hungry.

You visited 1 branch of the dungeon, and saw 3 of its levels.

You collected 129 gold pieces.

Inventory:

Hand Weapons
 a - a +0 mace (weapon)
Armour
 b - a +0 robe (worn)
Jewellery
 i - a ring of ice (left hand)
 o - a ring of sustain attributes (right hand)
Scrolls
 d - a scroll of recharging {unknown}
 h - a scroll of identify {unknown}
 l - a scroll of teleportation {unknown}
 m - a scroll of blinking {unknown}
 n - a scroll of random uselessness {unknown}
Potions
 e - 3 potions of heal wounds {unknown}
 f - a potion of curing {unknown}
 g - 2 potions of degeneration {unknown}
Comestibles
 c - a bread ration
 j - 2 chunks of flesh
 k - a royal jelly


   Skills:
 - Level 3.2 Fighting
 * Level 4.1 Maces & Flails
 - Level 2.4 Dodging
 - Level 3.5 Stealth


You had 3 spell levels left.
You didn't know any spells.

Dungeon Overview and Level Annotations

Branches:
Dungeon (3/15)

Altars:
Kikubaaqudgha
Pakellas

Annotations:
D:3 Terence


Innate Abilities, Weirdness & Mutations

You are resistant to torment.
Your stone body is resilient. (AC +3)
You are immune to poison.
You resist negative energy. (rN+)
You are resistant to electric shocks. (rElec)
You can survive without breathing.
You are immune to petrification.
You are immune to rotting.


Message History

You hit Terence but do no damage.
Terence is moderately wounded.
Terence barely misses you.
You hit Terence but do no damage.
Terence is moderately wounded.
Terence misses you.
You hit Terence.
Terence is heavily wounded.
Terence hits you with a mace of draining.
* * * LOW HITPOINT WARNING * * *
You hit Terence but do no damage.
Terence is heavily wounded.
Terence hits you but does no damage.
You hit Terence.
Terence is severely wounded.
Terence closely misses you.
You hit Terence.
Terence is severely wounded.
Terence hits you with a mace of draining!
You die...

#)..####.
#######.#.##
........#..#
##########.##
#..#
###'##+#######
#...........?#
##.......>....#
+........@@...#
#.............#
#.............#
.[..#..#.#####.#
.....+..... #
#....##.#..# ..
#....# # ...#


You could see Terence.

Vanquished Creatures
  An ooze (D:1)
  2 worms (D:2)
  A dart slug (D:3)
  2 giant geckos (D:1)
  3 giant cockroaches
  3 goblins
  7 hobgoblins
  5 kobolds
  A quokka (D:2)
  8 bats
  3 giant newts
  10 rats
46 creatures vanquished.

Notes
Turn   | Place    | Note
-------+----------+-------------------------------------------
     0 | D:1      | Geppetto the Gargoyle Monk began the quest for the Orb.
     0 | D:1      | Reached XP level 1. HP: 14/14 MP: 1/1
   277 | D:1      | Reached XP level 2. HP: 19/19 MP: 2/2
   725 | D:1      | Reached XP level 3. HP: 23/23 MP: 3/3
  1036 | D:2      | Found an ancient bone altar of Kikubaaqudgha.
  1050 | D:2      | Found a faded altar of an unknown god.
  1537 | D:2      | Found an oddly glowing altar of Pakellas.
  1583 | D:2      | Reached skill level 4 in Maces & Flails
  1826 | D:3      | Reached XP level 4. HP: 28/28 MP: 4/4
  1916 | D:3      | Noticed Terence
  1932 | D:3      | Slain by Terence

Vault maps used:
D:1:      sevenhm_arrival_forest_fort_small_4
D:2:      grunt_pakellas_basics, lemuel_crystal_altar, serial_forest,
          infiniplex_forest_end_3, infiniplex_forest_straight_2,
          infiniplex_forest_lined_2, infiniplex_forest_corner_1,
          infiniplex_forest_clump_tiny, infiniplex_forest_clump_medium,
          ecumenical_altar_2
D:3:      lemuel_crystal_altar, first_bread, nicolae_gozag_seed_capital,
          uniq_terence

Skill      XL: |  1  2  3 |
---------------+----------+-----
Stealth        | 3 |  3.5
Maces & Flails | 4 |  4.1
Fighting       | |  3.2
Dodging        | |  2.4

Action                   |  1- 3 |  4- 6 || total
-------------------------+-------+-------++-------
Melee: Mace              |   136 |    16 ||   152
 Stab: Sleeping          |    11 |     1 ||    12
  Eat: Chunk             |     3 |       ||     3
Armor: Robe              |    34 |     4 ||    38
Dodge: Dodged            |    87 |     6 ||    93
